 Dungeon Crawl Stone Soup version 0.26.1-2-gb8aa6d0cf2 (webtiles) character file.

Game seed: 17091531142115085986

156 Goboxel the Skirmisher (level 5, -2/42 HPs)
             Began as a Human Fighter on Mar 13, 2021.
             Was an Initiate of the Shining One.
             Slain by a gnoll
             ... wielding a +0 halberd
              (3 damage)
             ... on level 3 of the Dungeon.
             The game lasted 00:07:16 (3094 turns).

Goboxel the Skirmisher (Human Fighter)              Turns: 3094, Time: 00:07:17

Health: -2/42      AC:  7    Str: 17    XL:     5   Next: 64%
Magic:  5/5        EV: 11    Int:  9    God:    the Shining One [......]
Gold:   90         SH:  9    Dex: 12    Spells: 4/4 levels left

rFire    . . .     SeeInvis .   a - +0 war axe
rCold    . . .     Faith    .   c - +0 kite shield
rNeg     . . .     Spirit   .   b - +0 scale mail
rPois    .         Reflect  .   (no helmet)
rElec    .         Harm     .   (no cloak)
rCorr    .         Rampage  .   (no gloves)
Will     .....                  (no boots)
Stlth    ..........             (no amulet)
HPRegen  0.14/turn              o - +4 ring of evasion
MPRegen  0.09/turn              (no ring)

@: mighty, glowing
A: no striking features
a: Renounce Religion


You were on level 3 of the Dungeon.
You worshipped the Shining One.
The Shining One was noncommittal.
You visited 1 branch of the dungeon, and saw 3 of its levels.

You collected 90 gold pieces.

Inventory:

Hand Weapons
 a - a +0 war axe (weapon)
Armour
 b - a +0 scale mail (worn)
 c - a +0 kite shield (worn)
Jewellery
 o - a +4 ring of evasion (left hand)
Scrolls
 e - 4 scrolls of identify {unknown}
 h - 2 scrolls of amnesia {unknown}
 i - 3 scrolls of remove curse {unknown}
 j - 2 scrolls of fear {unknown}
 m - a scroll of magic mapping {unknown}
 r - a scroll of teleportation {unknown}
Potions
 d - a potion of might
 f - 2 potions of flight {unknown}
 g - 3 potions of attraction {unknown}
 k - 2 potions of degeneration {unknown}
 l - a potion of heal wounds {unknown}
 n - a potion of cancellation {unknown}
 p - a potion of invisibility {unknown}
 q - a potion of brilliance {unknown}


   Skills:
 + Level 3.8 Fighting
 * Level 3.6 Axes
 + Level 3.7 Armour
 + Level 3.6 Shields


You had 4 spell levels left.
You didn't know any spells.
Your spell library was empty.

Dungeon Overview and Level Annotations

Branches:
Dungeon (3/15)

Altars:
Kikubaaqudgha
The Shining One


Message History

You barely miss the orc priest.
The orc priest is heavily wounded.
The orc throws a boomerang.
The boomerang barely misses you.
The weapon returns to the orc!
The gnoll closely misses you. You block the gnoll's attack.
You block the orc priest's attack.
You completely miss the orc priest.
The orc priest is heavily wounded.
You hit the orc.
You kill the orc!
You block the gnoll's attack. x2
The gnoll hits you from afar with a +2 spear of flaming.
* * * LOW HITPOINT WARNING * * *
The gnoll burns you. The Shining One protects you from harm!
The orc priest closely misses you. The gnoll closely misses you.
You barely miss the orc priest.
The orc priest is heavily wounded.
You completely miss the frilled lizard.
The gnoll hits you from afar with a +0 halberd.
You die...

#........##. ##.....#
<..#
.....#######..#####
#..# ...........)..#
..<... .......)......#
######.#...##....##.##
? ..........##.# #
#^..#.....##.# #
#.###..#[##...
#.......)@####
........ol......
#.......gg#g.....
..........#......
#.........# .....
.......... .....
.........# ....
........# ....


You could see an orc priest, 3 gnolls and a frilled lizard.

Vanquished Creatures
  A centaur zombie (D:2)
  5 adders
  An ooze (D:1)
  2 dart slugs (D:2)
  A leopard gecko (D:2)
  3 orcs (D:3)
  11 bats
  3 giant cockroaches
  7 hobgoblins
  8 jackals (D:2)
  2 quokkas
  2 ball pythons
  3 frilled lizards (D:2)
  9 goblins
  3 kobolds
  10 rats
71 creatures vanquished.

Vanquished Creatures (others)
  2 plants (D:2)
2 creatures vanquished.

Grand Total: 73 creatures vanquished

Notes
Turn   | Place    | Note
-------+----------+-------------------------------------------
     0 | D:1      | Goboxel the Human Fighter began the quest for the Orb.
     0 | D:1      | Reached XP level 1. HP: 18/18 MP: 1/1
   138 | D:1      | Reached XP level 2. HP: 24/24 MP: 2/2
   652 | D:1      | Reached XP level 3. HP: 29/29 MP: 3/3
  1120 | D:2      | Reached XP level 4. HP: 7/35 MP: 4/4
  2325 | D:2      | Found an ancient bone altar of Kikubaaqudgha.
  2412 | D:2      | Reached XP level 5. HP: 35/41 MP: 5/5
  2708 | D:2      | Found a glowing golden altar of the Shining One.
  2777 | D:2      | Became a worshipper of the Shining One
  3093 | D:3      | HP: 1/42 [gnoll/+2 spear of flaming (6)]
  3093 | D:3      | The Shining One protects you from harm!
  3094 | D:3      | Slain by a gnoll

Illustrated notes

Levels and vault maps discovered:
D:1:      minmay_arrival_jagged, layout_basic
D:2:      layout_loops_ring, lemuel_round_altar, tso_oasis_becter
D:3:      layout_basic, lemuel_round_altar, serial_bayou_ford_a

Skill      XL: |  1  2  3  4 |
---------------+-------------+-----
Axes           | 3 |  3.6
Fighting       | |  3.8
Armour         | |  3.7
Shields        | |  3.6

Action                   |  1- 3 |  4- 6 || total
-------------------------+-------+-------++-------
Melee: War axe           |    72 |   113 ||   185
  Use: Potion            |       |     1 ||     1
Armor: Scale mail        |    64 |    52 ||   116
Dodge: Dodged            |    45 |    65 ||   110
Block: Kite shield       |    62 |    84 ||   146
